 Dungeon Crawl Stone Soup version 0.29-a0-541-gaf1fc19f1b (webtiles) character file.

Game seed: 9874767555872666280

11158 Morbidden the Thaumaturge (level 12, 0/81 HPs)
             Began as a Djinni Conjurer on June 2, 2022.
             Was a High Priest of Cheibriados.
             Killed from afar by a gargoyle (24 damage)
             ... with a stone arrow
             ... on level 12 of the Dungeon.
             The game lasted 00:23:32 (17361 turns).

Morbidden the Thaumaturge (Djinni Conjurer)        Turns: 17361, Time: 00:23:32

Health: 0/81       AC: 11    Str: 25    XL:     12   Next: 4%
Gold:   612        EV: 22    Int: 34    God:    Cheibriados [*****.] SH:  0 Dex: 25

rFire   + + .      SeeInvis .   a - +4 executioner's axe (antimagic)
rCold   x . .      Faith    .   (shield currently unavailable)
rNeg    . . .      Spirit   .   K - +1 steam dragon scales
rPois   ∞          Reflect  .   w - +0 helmet
rElec   .          Harm     .   l - +1 cloak of Starlight {*Dazzle EV+4 Stlth--}
rCorr   .          Rampage  .   F - +1 pair of gloves
Will    +....                   (boots unavailable)
Stlth   +.........              (no amulet)
HPRegen 0.23/turn               T - +4 ring of slaying
MPRegen 0.00/turn               M - +4 ring of slaying

@: flying, studying Long Blades, very slow
A: sickness immunity, fire resistance 2, cold vulnerability 1, float, innate
caster, HP casting, extra vitality 1, strong 1
a: Renounce Religion, Bend Time, Temporal Distortion, Slouch, Step From Time


You were on level 12 of the Dungeon.
You worshipped Cheibriados.
Cheibriados was extremely pleased with you.
You visited 1 branch of the dungeon, and saw 12 of its levels.
You also visited: Ossuary.

You collected 711 gold pieces.
You spent 99 gold pieces at shops.

Inventory:

Hand Weapons
 a - a +4 antimagic executioner's axe (weapon)
 k - a +5 dagger of venom
Missiles
 q - 3 throwing nets
 I - 38 poisoned darts
 U - 2 curare-tipped darts
Armour
 i - +0 fire dragon scales
 l - the +1 cloak of Starlight (worn) {*Dazzle EV+4 Stlth--}
   (You acquired it on level 8 of the Dungeon)

   It may blind those who miss an attack against the wearer in melee combat.
   EV:        It affects your evasion (+4).
   Stlth:     It makes you much less stealthy.
 w - a +0 helmet (worn)
 F - a +1 pair of gloves (worn)
 K - +1 steam dragon scales (worn)
Jewellery
 t - the ring "Ufuged" {+Blink Str+6}
   (You acquired it on level 8 of the Dungeon)

   [ring of strength]

   Str:       It affects your strength (+6).
   +Blink:    It lets you blink.
 u - a ring of resist corrosion
 z - a ring of positive energy
 M - a +4 ring of slaying (right hand)
 R - a +6 ring of dexterity
 T - a +4 ring of slaying (left hand)
Wands
 r - a wand of paralysis (13)
 x - a wand of flame (15)
 J - a wand of mindburst (22)
 W - a wand of acid (18)
 Z - a wand of polymorph (12)
Scrolls
 c - a scroll of silence
 d - a scroll of brand weapon
 g - 6 scrolls of teleportation
 n - a scroll of fog
 p - a scroll of identify
 y - 2 scrolls of enchant armour
 B - 2 scrolls of vulnerability
 D - a scroll of torment
 E - a scroll of poison
 H - 2 scrolls of magic mapping
 L - a scroll of summoning {unknown}
 N - a scroll of fear {unknown}
 Q - 2 scrolls of immolation
 X - a scroll of blinking
 Y - 2 scrolls of amnesia {unknown}
Potions
 b - 3 potions of might
 e - 4 potions of brilliance
 f - 4 potions of curing
 h - 3 potions of magic {unknown}
 j - 4 potions of mutation
 m - 2 potions of invisibility
 o - 2 potions of degeneration {unknown}
 v - 5 potions of flight {unknown}
 A - 8 potions of heal wounds
 C - a potion of cancellation {unknown}
 G - 2 potions of resistance
 O - a potion of berserk rage {unknown}
 P - a potion of attraction {unknown}
 S - 2 potions of haste {unknown}


   Skills:
 * Level 5.4 Fighting
 * Level 2.2 Axes
 * Level 7.2 Dodging
 + Level 3.7 Stealth
 + Level 5.4 Unarmed Combat
 * Level 11.1 Spellcasting
 * Level 4.7 Invocations
 + Level 0.3 Evocations


You had 6 spell levels left.
You knew the following spells:

 Your Spells              Type           Power      Damage    Failure   Level
a - Magic Dart            Conj           100%       1d8       1%          1
b - Stone Arrow           Conj/Erth      100%       3d13      1%          3
c - Dazzling Flash        Conj/Hex       100%       N/A       1%          3
d - Fulminant Prism       Conj/Hex       38%        3d18      1%          4
e - Apportation           Tloc           100%       N/A       1%          1
f - Blink                 Tloc           100%       N/A       1%          2
g - Searing Ray           Conj           100%       2d8       1%          2
s - Flame Wave            Conj/Fire      76%        2d14      1%          4
x - Inner Flame           Hex/Fire       76%        N/A       1%          3
z - Iskenderun's Mystic   Conj/Tloc      76%        2d15      1%          4
Your spell library was empty.

Dungeon Overview and Level Annotations

Branches:
Dungeon (12/15)            Temple (0/1) D:6            Lair (0/6) D:8
    Orc (0/2) D:10        Ossuary (visited)

Altars:
Cheibriados
Dithmenos
Elyvilon
Gozag
Makhleb
Nemelex Xobeh
Qazlal
Uskayaw
Vehumet
Wu Jian
Yredelemnul
Zin
The Shining One

Shops:
D:9 (*!   D:10 *   D:12 [


Innate Abilities, Weirdness & Mutations

You are immune to sickness and miasma.
You are immune to poison.
Your flesh is very heat resistant. (rF++)
You are vulnerable to cold. (rC-)
You float through the air rather than walking.
You learn spells naturally, not from books.
Your magical power is your life essence.
You have superior vitality. (+4 MHP)
Your muscles are strong. (Str +2)


Message History

Aiming: Stone Arrow (safe; 1% risk of failure)
Press: ? - help, Shift-Dir - straight line, f/p - gargoyle
Aim: a gargoyle, wielding a +0 mace (moderately damaged, 89% to hit)
The stone arrow hits the gargoyle.
The gargoyle is heavily damaged.
The gargoyle hurls a stone arrow at you.
The stone arrow hits you!!
Unknown command.
Casting: Stone Arrow (safe; 1% risk of failure)
Confirm with . or Enter, or press ? or * to list all spells.
Aiming: Stone Arrow (safe; 1% risk of failure)
Press: ? - help, Shift-Dir - straight line, f/p - gargoyle
Aim: a gargoyle, wielding a +0 mace (heavily damaged, 89% to hit)
The stone arrow hits the gargoyle.
The gargoyle is severely damaged.
The gargoyle hits you with a +0 mace!
Casting: Stone Arrow (safe; 1% risk of failure)
Confirm with . or Enter, or press ? or * to list all spells.
You erupt in a blast of force!
The mystic blast hits the gargoyle.
The gargoyle is severely damaged.
The gargoyle is knocked back by the mystic blast.
Unknown command.
Casting: Iskenderun's Mystic Blast (safe; 1% risk of failure)
Confirm with . or Enter, or press ? or * to list all spells.
Aiming: Stone Arrow (safe; 1% risk of failure)
Press: ? - help, Shift-Dir - straight line, f/p - gargoyle
Aim: a gargoyle, wielding a +0 mace (severely damaged, 89% to hit)
The stone arrow hits the gargoyle.
The gargoyle is severely damaged.
Unknown command.
Casting: Stone Arrow (safe; 1% risk of failure)
Confirm with . or Enter, or press ? or * to list all spells.
Aiming: Stone Arrow (safe; 1% risk of failure)
Press: ? - help, Shift-Dir - straight line, f/p - gargoyle
Aim: a gargoyle, wielding a +0 mace (severely damaged, 89% to hit)
The stone arrow misses the gargoyle.
* * * LOW HITPOINT WARNING * * *
The gargoyle hurls a stone arrow at you.
The stone arrow hits you!!
You die...

≈≈≈≈≈≈≈≈≈≈≈≈≈≈*,,,,,,,,,,,*≈≈≈≈≈≈
≈≈≈≈≈≈≈≈≈≈≈≈≈≈*,,,,,..).,,*≈≈≈≈≈≈
≈≈≈≈≈≈≈≈≈≈≈≈≈≈*,,*+#....,,*≈≈≈≈≈≈
≈≈≈≈≈≈≈≈≈≈≈≈≈≈*,,*.≈...,,,*≈≈≈≈≈≈
≈≈≈≈≈≈≈≈≈≈≈≈≈≈*###.≈≈#,,,,*≈≈≈≈≈≈
≈≈≈≈≈≈≈≈≈≈≈≈≈≈.+..∩..+,,,,*≈≈≈≈≈≈
≈≈≈≈≈≈≈≈≈≈≈≈≈≈.#≈≈.#**,,.,*≈≈≈≈≈≈
*********#####...≈.#,,...,*******
,,,,,,,,,?......@#+#.....,,,,,,,,
,,,,,,,,,.?>.......^.....,,,,,,,,
,,,,,,,,,........<9......,,,,,,,,
*********######.....[....,*******
≈≈≈≈≈≈≈≈≈≈≈≈≈≈#......../.,*≈≈≈≈≈≈
≈≈≈≈≈≈≈≈≈≈≈≈≈≈#..........,*≈≈≈≈≈≈
≈≈≈≈≈≈≈≈≈≈≈≈≈≈#..........,*≈≈≈≈≈≈
≈≈≈≈≈≈≈≈≈≈≈≈≈≈#.........[,*≈≈≈≈≈≈
≈≈≈≈≈≈≈≈≈≈≈≈≈≈#$.........,*≈≈≈≈≈≈


You could see a gargoyle.

Vanquished Creatures
  A fire dragon (D:10)
  2 hydras (D:10)
  A two-headed ogre (D:10)
  Maggie (D:7)
  A komodo dragon (D:8)
  3 trolls
  A hornet (D:10)
  Grinder (D:6)
  Sigmund (D:4)
  2 wyverns
  A wraith (D:11)
  A basilisk (D:11)
  11 yaks
  A redback (D:10)
  4 vampire mosquitoes (D:10)
  3 steam dragons
  2 water moccasins (D:7)
  2 orc warriors (D:11)
  An ice beast (D:5)
  A sky beast (D:7)
  2 black bears
  An ogre (D:5)
  2 centaurs
  4 bullfrogs
  6 kobold brigands
  A necrophage (D:4)
  A gnoll sergeant (D:9)
  A scorpion (D:4)
  9 killer bees
  2 howler monkeys (D:7)
  A crimson imp (D:5)
  2 gnoll shamans (D:8)
  5 orc priests
  4 hounds
  5 jellies
  5 iguanas
  11 orc wizards
  2 mummies (Ossuary)
  Robin (D:4)
  12 adders
  25 gnolls
  2 shadow imps
  A howler monkey simulacrum (D:10)
  3 adder zombies (Ossuary)
  2 worms (D:2)
  3 dart slugs
  32 orcs
  10 bats
  7 endoplasms
  A giant cockroach (D:3)
  18 goblins
  9 hobgoblins
  2 jackals (D:1)
  27 kobolds
  5 quokkas
  5 ball pythons
  2 frilled lizards (D:1)
  6 goblin zombies (Ossuary)
  9 hobgoblin zombies (Ossuary)
  A jackal zombie (Ossuary)
  9 kobold zombies (Ossuary)
  9 orc zombies (Ossuary)
  5 rats
311 creatures vanquished.

Vanquished Creatures (others)
  3 fungi (D:2)
  6 plants
9 creatures vanquished.

Grand Total: 320 creatures vanquished

Notes
Turn   | Place    | Note
-------+----------+-------------------------------------------
     0 | D:1      | Morbidden the Djinni Conjurer began the quest for the Orb.
     0 | D:1      | Reached XP level 1. HP: 15/15 MP: 0/0
   273 | D:1      | Reached XP level 2. HP: 19/21 MP: 0/0
   828 | D:1      | Reached XP level 3. HP: 20/25 MP: 0/0
   828 | D:1      | Learned a level 1 spell: Apportation
  1411 | D:1      | Reached skill level 1 in Unarmed Combat
  1845 | D:2      | Found a white marble altar of Elyvilon.
  1853 | D:2      | Reached XP level 4. HP: 13/31 MP: 0/0
  2223 | D:2      | Reached skill level 4 in Spellcasting
  2583 | D:2      | Found a faded altar of an unknown god.
  2679 | D:2      | Reached skill level 1 in Fighting
  3028 | D:3      | Reached XP level 5. HP: 24/37 MP: 0/0
  3028 | D:3      | Learned a level 2 spell: Blink
  3258 | D:3      | Found a white marble altar of Elyvilon.
  4488 | D:4      | Reached XP level 6. HP: 17/42 MP: 0/0
  4893 | D:4      | Noticed Robin
  4907 | D:4      | Killed Robin
  5114 | D:4      | Noticed Sigmund
  5304 | D:4      | Killed Sigmund
  5305 | D:4      | Reached skill level 5 in Spellcasting
  5305 | D:4      | Reached XP level 7. HP: 26/48 MP: 0/0
  5305 | D:4      | Learned a level 3 spell: Inner Flame
  5745 | D:4      | Found a glowing golden altar of the Shining One.
  5799 | D:4      | Found a snail-covered altar of Cheibriados.
  5834 | D:4      | Became a worshipper of Cheibriados the Contemplative
  6253 | D:5      | Entered Level 5 of the Dungeon
  6378 | D:5      | Reached XP level 8. HP: 49/54 MP: 0/0
  6552 | D:5      | Reached skill level 6 in Spellcasting
  6658 | D:5      | Found an opulent altar of Gozag.
  7010 | D:5      | Reached skill level 1 in Invocations
  7554 | D:5      | Found a burning altar of Makhleb.
  7620 | D:5      | Found a glowing silver altar of Zin.
  7783 | D:6      | Noticed Grinder
  7789 | D:6      | Killed Grinder
  7790 | D:6      | Reached skill level 5 in Dodging
  7983 | D:6      | Reached * piety under Cheibriados
  7984 | D:6      | Reached XP level 9. HP: 54/59 MP: 0/0
  7984 | D:6      | Learned a level 3 spell: Stone Arrow
  7990 | D:6      | Reached skill level 7 in Spellcasting
  8496 | D:6      | Found a staircase to the Ecumenical Temple.
  8732 | D:6      | Found a shadowy altar of Dithmenos.
  9191 | D:7      | Reached ** piety under Cheibriados
  9193 | D:7      | Noticed Maggie
  9199 | D:7      | Killed Maggie
  9277 | D:7      | Reached skill level 8 in Spellcasting
  9627 | D:7      | Found a sparkling altar of Nemelex Xobeh.
  9743 | D:7      | Gained mutation: Your muscles are strong. (Str +2) [potion
                  | of mutation]
 10023 | D:7      | Reached XP level 10. HP: 47/67 MP: 0/0
 10453 | D:8      | Identified 2 scrolls of acquirement
 10453 | D:8      | Acquired the +1 cloak of Starlight {*Dazzle EV+4 Stlth--}
 10453 | D:8      | Found the +1 cloak of Starlight {*Dazzle EV+4 Stlth--}
 10467 | D:8      | Acquired the ring "Ufuged" {+Blink Str+6}
 10477 | D:8      | Reached *** piety under Cheibriados
 10491 | D:8      | Reached skill level 9 in Spellcasting
 10683 | D:8      | Found a sand-covered staircase.
 10688 | Ossuary  | Entered an ossuary
 11030 | Ossuary  | Reached **** piety under Cheibriados
 11932 | D:8      | Found a stormy altar of Qazlal.
 11956 | D:8      | Found an ornate altar of the Wu Jian Council.
 11996 | D:8      | Noticed a komodo dragon
 12001 | D:8      | Killed a komodo dragon
 12181 | D:8      | Found a staircase to the Lair.
 12646 | D:9      | Reached ***** piety under Cheibriados
 12647 | D:9      | Reached skill level 5 in Unarmed Combat
 12867 | D:9      | Reached XP level 11. HP: 48/74 MP: 0/0
 12867 | D:9      | Learned a level 4 spell: Flame Wave
 12871 | D:9      | Reached skill level 10 in Spellcasting
 13818 | D:9      | Found Reogaon's Antique Weapon Boutique.
 13865 | D:9      | Found Kodey's General Store.
 14045 | D:9      | Found Jarar's Distillery.
 14052 | D:9      | Bought a potion of heal wounds for 55 gold pieces
 14052 | D:9      | Bought a potion of might for 44 gold pieces
 14117 | D:10     | Entered Level 10 of the Dungeon
 14126 | D:10     | Found a staircase to the Orcish Mines.
 14337 | D:10     | Found a basalt altar of Yredelemnul.
 14381 | D:10     | Found Bumu's Assorted Antiques.
 14490 | D:10     | Noticed a two-headed ogre
 14496 | D:10     | Killed a two-headed ogre
 14696 | D:10     | Found a hide-covered altar of Uskayaw.
 14778 | D:10     | Reached skill level 5 in Fighting
 14793 | D:10     | Acquired a +2 antimagic executioner's axe
 15885 | D:10     | Noticed a seven-headed hydra
 15885 | D:10     | Noticed a four-headed hydra
 15891 | D:10     | Killed a seven-headed hydra
 15892 | D:10     | Reached skill level 1 in Axes
 15893 | D:10     | Killed a four-headed hydra
 16056 | D:10     | Noticed a fire dragon
 16215 | D:10     | Killed a fire dragon
 16459 | D:10     | Identified the +9 long sword of Big Damage {drain, MP-9
                  | Dex+4}
 16461 | D:10     | Identified the +7 quarterstaff of Kismet {antimagic, rPois
                  | rN+ Str+3 Int-5}
 16519 | D:11     | Reached skill level 11 in Spellcasting
 16842 | D:11     | Reached XP level 12. HP: 75/81 MP: 0/0
 17187 | D:12     | Found Upea's Armour Shoppe.
 17361 | D:12     | Killed from afar by a gargoyle

Illustrated notes

Levels and vault maps discovered:
D:1:      lemuel_arrival_funnel, layout_loops_corners, minivault_11
D:2:      layout_rooms, basic_altar, shapermc_ecumenical_altar_mp_urbaneastern
D:3:      minmay_evil_eye, layout_loops_corners, lemuel_coloured_pillars_altar
D:4:      layout_loops_ring, nicolae_tso_carved_into_rock,
          overflow_temple_1_default, uniq_sigmund, uniq_robin
D:5:      layout_loops_cross, pdpol_temple_overflow_zin_treasury_gozag_greed,
          grunt_temple_overflow_lords_of_destruction, kennysheep_big_empty_room,
          minmay_manual_maat
D:6:      layout_basic, grunt_dithmenos_smoke_and_mirrors, temple_pool_b,
          uniq_grinder
D:7:      layout_basic, mainiacjoe_overflow_alcove_4, uniq_maggie
D:8:      layout_basic, nicolae_qazlal_scattered_showers,
          pdpol_wu_jian_five_deadly_venoms, david_lair_shrubbed, enter_ossuary_2
D:9:      layout_loops_corners, serial_shops, nicolae_square_shop, shop,
          nicolae_shop_behind_doors, abandoned_shop
D:10:     minmay_shrinking_squares, layout_cave_pods, amcnicky_altar_gilded,
          kennysheep_mini_moat, serial_shops, nicolae_shop_overgrown_old_shop
D:11:     layout_roguey, serial_aquarium, aquarium_bridge_long_joined
          [aquarium_subvault_window, aquarium_subvault_bridge,
          aquarium_subvault_window, aquarium_subvault_bridge,
          aquarium_subvault_bridge, aquarium_subvault_balcony],
          aquarium_window_2, aquarium_window_1, aquarium_view_2f,
          aquarium_view_2c, aquarium_pool_2
D:12:     layout_cross, serial_shops, nicolae_shop_hallway_plus,
          gauntlet_entry_generic

Skill      XL: |  1  2  3  4  5  6  7  8  9 10 11 |
---------------+----------------------------------+-----
Unarmed Combat | 1 2 3 4 5 |  5.4
Spellcasting   | 4 5 6 8 9 11 | 11.1
Fighting       | 1 2 3 4 5 |  5.4
Stealth        | 2 3 |  3.7
Dodging        | 3 5 6 7 |  7.2
Invocations    | 1 2 3 4 |  4.7
Axes           | 2 |  2.2
Evocations     | |  0.3

Action                   |  1- 3 |  4- 6 |  7- 9 | 10-12 || total
-------------------------+-------+-------+-------+-------++-------
Melee: Unarmed           |       |     2 |       |     3 ||     5
       Executioner's axe |       |       |       |    28 ||    28
 Cast: Magic Dart        |    72 |   126 |    41 |   123 ||   362
       Searing Ray       |       |    11 |    24 |    17 ||    52
       Inner Flame       |       |       |     6 |    47 ||    53
       Iskenderun's Myst |       |       |     6 |    34 ||    40
       Stone Arrow       |       |       |    52 |    35 ||    87
       Flame Wave        |       |       |       |     4 ||     4
Evoke: Wand              |       |     1 |     1 |       ||     2
  Use: Potion            |       |       |     2 |       ||     2
       Scroll            |       |       |       |    23 ||    23
 Stab: Invisible         |       |       |       |     1 ||     1
Armor: Robe              |     1 |     2 |     3 |       ||     6
       Steam dragon scal |       |       |     1 |    17 ||    18
Dodge: Dodged            |     9 |    33 |    31 |    81 ||   154

Table legend: (Time is in decaauts)
 A = Elapsed time spent in this place.
 B = Non-inter-level travel time spent in this place.
 C = Inter-level travel time spent in this place.
 D = Time resting spent in this place.
 E = Time spent auto-exploring this place.
 F = Levels seen in this place.
 G = Mean time per level.
                   A        B        C        D        E       F      G
               +--------+--------+--------+--------+--------+-----+--------+
         Total |  20445 |  19737 |    708 |   1997 |  15847 |  13 | 1572.7 |
       Dungeon |  19476 |  18768 |    708 |   1997 |  15036 |  12 | 1623.0 |
       Ossuary |    968 |    968 |      0 |      0 |    810 |   1 |  968.0 |
               +--------+--------+--------+--------+--------+-----+--------+

Top non-repeatable levels by time:
    D:10: 3107 daAuts
     D:9: 2418 daAuts
     D:6: 1907 daAuts
     D:1: 1845 daAuts
     D:4: 1824 daAuts
     D:5: 1712 daAuts
     D:8: 1568 daAuts
     D:3: 1546 daAuts
     D:7: 1240 daAuts
    D:11: 1172 daAuts
     D:2: 1101 daAuts
 Ossuary: 968 daAuts
    D:12: 33 daAuts
